 Dungeon Crawl Stone Soup version 0.24-a0-447-ge8da9206dc (webtiles) character file.

Game seed: 3572541611085500020

333 Ijustatesigmund the Skirmisher (level 6, -6/71 HPs)
             Began as an Ogre Hunter on June 25, 2019.
             Mangled by an iguana (10 damage)
             ... on level 3 of the Dungeon.
             The game lasted 00:07:52 (3977 turns).

Ijustatesigmund the Skirmisher (Ogre Hunter)        Turns: 3977, Time: 00:07:53

Health: -6/71      AC:  3    Str: 17    XL:     6   Next: 52%
Magic:  6/6        EV: 10    Int: 12    God:
Gold:   146        SH:  0    Dex: 11    Spells: 5/5 levels left

rFire    . . .     SeeInvis .   a - +0 mace
rCold    . . .     Gourm    +   (no shield)
rNeg     . . .     Faith    .   b - +0 robe
rPois    .         Spirit   .   (helmet restricted)
rElec    .         Reflect  .   (no cloak)
rCorr    .         Harm     .   (gloves unavailable)
MR       .....                  (boots unavailable)
Stlth    +.........             o - amulet of the gourmand
HPRegen  0.21/turn              k - ring of flight
MPRegen  0.10/turn              (no ring)

@: about to teleport
A: large, unfitting armour, tough skin 1
a: Evoke Flight


You were on level 3 of the Dungeon.
You were not hungry.

You visited 1 branch of the dungeon, and saw 4 of its levels.

You collected 146 gold pieces.

Inventory:

Hand Weapons
 a - a +0 mace (weapon)
Missiles
 c - 4 large rocks (quivered)
 e - a throwing net
Armour
 b - a +0 robe (worn)
Jewellery
 k - a ring of flight (left hand)
 o - an amulet of the gourmand (around neck)
Scrolls
 g - a scroll of fog
 h - 7 scrolls of remove curse
 j - a scroll of identify
 m - a scroll of amnesia
Potions
 n - a potion of ambrosia {unknown}
Comestibles
 f - 5 rations


   Skills:
 + Level 7.1 Fighting
 * Level 3.3 Maces & Flails
 - Level 4.0 Throwing
 + Level 0.2 Armour
 - Level 1.7 Dodging
 - Level 0.6 Stealth


You had 5 spell levels left.
You didn't know any spells.
Your spell library contained the following spells:

 Spells                   Type           Power        Failure   Level  Hunger
 Magic Dart               Conj           #...         32%         1    ##.....
 Blink                    Tloc           N/A          45%         2    ###....
 Call Imp                 Summ           #.......     45%         2    ###....
 Slow                     Hex            #.......     45%         2    ###....
 Conjure Flame            Conj/Fire      #.......     69%         3    ####...
 Mephitic Cloud           Conj/Pois/Air  #.......     69%         3    ####...


Dungeon Overview and Level Annotations

Branches:
Dungeon (4/15)
 Temple: D:4-7

Altars:
Gozag
Kikubaaqudgha
Nemelex Xobeh
Wu Jian

Shops:
D:4 !


Innate Abilities, Weirdness & Mutations

You are too large for most types of armour.
You have tough skin. (AC +1)


Message History

The iguana bites you! The frilled lizard bites you.
You hit the iguana but do no damage.
The iguana is lightly wounded.
The iguana bites you!
* * * LOW HITPOINT WARNING * * *
The frilled lizard barely misses you.
The worker ant waves its antennae.
The iguana bites you!
* * * LOW HITPOINT WARNING * * *
As you read the scroll of teleportation, it crumbles to dust.
You feel strangely unstable.
The frilled lizard bites you but does no damage.
The iguana bites you!
* * * LOW HITPOINT WARNING * * *
As you read the scroll labeled SEDADUCWOQ, it crumbles to dust.
The creatures around you are filled with an inner flame!
It was a scroll of immolation.
The frilled lizard bites you but does no damage.
The iguana bites you!
You die...

.#.#.......♣♣......#
.............♣...#<#
..........♣.♣....#.#
.#.###...........#.#
.#...............#.##############
.#..##...............÷...........
.#..##........##.####.####.......
.#.<.........###l# #.# #.#####.
.##.##.......# #@# #.# #.# #.
.##.##.....<.###l# #.# #.# #.
................a# #.# #.# #.
.............##### #.# #.# #.
.......##.#..# #.# #.# #.
.#####.####..# #.# #.#####. .#
#.# #..# ####.####.##.... .#
#######.# #............... .# #≈#
#.#####.##....>.##.###


You could see an iguana (inner flame), a worker ant (inner flame) and a frilled
lizard (inner flame).

Vanquished Creatures
  An ice beast (D:2)
  A howler monkey (D:4)
  2 orc priests
  Terence (D:2)
  An orc wizard (D:2)
  2 adders (D:2)
  An ooze (D:3)
  A dart slug (D:2)
  3 leopard geckos (D:2)
  5 orcs
  6 bats
  8 goblins
  9 hobgoblins
  4 jackals (D:3)
  2 kobolds
  4 quokkas (D:3)
  A ball python (D:2)
  4 frilled lizards
  7 rats
63 creatures vanquished.

Vanquished Creatures (others)
  An orc (D:2)
1 creature vanquished.

Grand Total: 64 creatures vanquished

Notes
Turn   | Place    | Note
-------+----------+-------------------------------------------
     0 | D:1      | Ijustatesigmund the Ogre Hunter began the quest for the
                  | Orb.
     0 | D:1      | Reached XP level 1. HP: 22/22 MP: 1/1
   186 | D:1      | Reached skill level 3 in Fighting
   452 | D:1      | Reached XP level 2. HP: 31/31 MP: 2/2
   747 | D:1      | Reached skill level 4 in Fighting
  1254 | D:2      | Reached XP level 3. HP: 37/40 MP: 3/3
  1265 | D:2      | Reached skill level 5 in Fighting
  1282 | D:2      | Reached skill level 6 in Fighting
  1282 | D:2      | Reached XP level 4. HP: 15/52 MP: 4/4
  1575 | D:2      | Found an ornate altar of the Wu Jian Council.
  1595 | D:2      | Noticed Terence
  1620 | D:2      | Killed Terence
  1910 | D:2      | Reached skill level 1 in Maces & Flails
  1911 | D:2      | Found an ancient bone altar of Kikubaaqudgha.
  1919 | D:2      | Reached XP level 5. HP: 55/61 MP: 5/5
  1972 | D:2      | Noticed an ice beast
  1982 | D:2      | Killed an ice beast
  2448 | D:2      | Reached XP level 6. HP: 58/68 MP: 6/6
  3132 | D:3      | Reached skill level 7 in Fighting
  3183 | D:3      | Found an opulent altar of Gozag.
  3183 | D:3      | Found a sparkling altar of Nemelex Xobeh.
  3700 | D:4      | Found Efeucwuk's Distillery.
  3977 | D:3      | Mangled by an iguana

Levels and vault maps discovered:
D:1:      dpeg_arrival_pits, layout_loops_corners
D:2:      cheibrodos_pilgrimage, layout_basic, lemuel_round_altar,
          nicolae_overflow_crystal_walls, uniq_terence
D:3:      layout_loops_ring, grunt_temple_overflow_opulence,
          chequers_serial_rivers_large_a, chequers_garden,
          hangedman_decor_growths, kennysheep_pointless_box
D:4:      layout_rooms, temple_doors_e, serial_shops, shop, first_ration,
          hangedman_decor_peaks_small

Skill      XL: |  1  2  3  4  5  6 |
---------------+-------------------+-----
Fighting       | 3 4 6 7 |  7.1
Maces & Flails | 1 2 3 |  3.3
Throwing       | |  4.0
Armour         | |  0.2
Dodging        | |  1.7
Stealth        | |  0.6

Action                   |  1- 3 |  4- 6 || total
-------------------------+-------+-------++-------
Melee: Short sword       |    91 |       ||    91
       Mace              |       |   170 ||   170
Throw: Large rock        |     5 |     8 ||    13
       Throwing net      |     2 |     3 ||     5
  Use: Scroll            |     4 |     6 ||    10
       Potion            |     2 |     2 ||     4
 Stab: Sleeping          |     1 |     1 ||     2
  Eat: Chunk             |     1 |     8 ||     9
       Ration            |       |     1 ||     1
Armor: Robe              |    19 |    58 ||    77
Dodge: Dodged            |    30 |   117 ||   147

Table legend:
 A = Non-vault XP
 B = Vault XP
 C = Vault XP percentage of total XP
 D = Non-vault monster count
 E = Vault monster count
 F = Vault count percentage of total count
                 A         B        C        D         E       F
            +---------+---------+-------+---------+---------+-------
      Total |     354 |     122 |  25.6 |      58 |       6 |   9.4
            +---------+---------+-------+---------+---------+-------
        D:1 |      28 |       0 |   0.0 |      16 |       0 |   0.0
        D:2 |     189 |     122 |  39.2 |      22 |       6 |  21.4
        D:3 |      83 |       0 |   0.0 |      19 |       0 |   0.0
        D:4 |      54 |       0 |   0.0 |       1 |       0 |   0.0
            +---------+---------+-------+---------+---------+-------
